 Dungeon Crawl Stone Soup version 0.20-a0-309-gcba9277 (webtiles) character file.

382 Leibowitz the Cutter (level 6, 0/50 HPs)
             Began as a Demigod Gladiator on Dec 19, 2016.
             Slain by an ogre
             ... wielding a +0 giant club
              (22 damage)
             ... on level 4 of the Dungeon.
             The game lasted 00:08:47 (4840 turns).

Leibowitz the Cutter (Demigod Gladiator)            Turns: 4840, Time: 00:08:47

Health: 0/50       AC:  6    Str: 18    XL:     6   Next: 22%
Magic:  8/8        EV: 14    Int: 12    God:
Gold:   149        SH:  0    Dex: 20    Spells: 5/5 levels left

rFire  . . .     SeeInvis .     a - +0 rapier
rCold  . . .     Gourm    .     b - +0 leather armour
rNeg   . . .     Faith    .     (no shield)
rPois  .         Spirit   .     c - +0 helmet
rElec  .         Reflect  .     (no cloak)
rCorr  .         Harm     .     t - +0 pair of gloves
MR     .....                    p - +0 pair of boots
Stlth  ++........               (no amulet)
                                (no ring)
                                (no ring)

@: no status effects
A: high mp 1
a: no special abilities


You were on level 4 of the Dungeon.
You were not hungry.

You visited 1 branch of the dungeon, and saw 4 of its levels.

You collected 149 gold pieces.

Inventory:

Hand Weapons
 a - a +0 rapier (weapon)
 k - a +0 dagger of freezing
Missiles
 d - 3 throwing nets (quivered)
Armour
 b - a +0 leather armour (worn)
 c - a +0 helmet (worn)
 p - a +0 pair of boots (worn)
 t - a +0 pair of gloves (worn)
Jewellery
 m - an uncursed amulet of faith {unknown}
Scrolls
 e - 2 scrolls of magic mapping {unknown}
 i - 2 scrolls of amnesia {unknown}
 j - 2 scrolls of recharging {unknown}
 l - 2 scrolls of noise {unknown}
 n - a scroll of remove curse {unknown}
 o - 3 scrolls of teleportation {unknown}
 s - a scroll of identify {unknown}
Comestibles
 f - 5 bread rations
 g - 4 fruits
 h - 2 beef jerkies
 q - a meat ration


   Skills:
 + Level 2.5 Fighting
 + Level 4.3 Short Blades
 + Level 2.0 Throwing
 + Level 2.4 Armour
 + Level 3.4 Dodging
 * Level 2.8 Stealth


You had 5 spell levels left.
You didn't know any spells.

Dungeon Overview and Level Annotations

Branches:
Dungeon (4/15)
 Temple: D:4-7


Innate Abilities, Weirdness & Mutations

You have an increased reservoir of magic. (+10% MP)


Message History

An ogre comes into view. It is wielding a giant club.
No other missiles available.
Use F to throw any item.
The ogre shouts!
Found a stone staircase leading down.
You hit the ogre.
The ogre is lightly wounded.
The ogre barely misses you.
You puncture the ogre!
The ogre is heavily wounded.
You barely miss the ogre.
The ogre is heavily wounded.
The ogre misses you.
You hit the ogre.
The ogre is heavily wounded.
The ogre hits you with a giant club!!
Ouch! That really hurt!
You barely miss the ogre.
The ogre is heavily wounded.
The ogre hits you with a giant club!!
You die...

##...........#####...
#...#######..# #..##
####.# ##
##...#####....#####..#
#..#..................
#..##..##........#...#
#.## ..#####...### #
..# ..# ##...## ..# .#
#..[@# ..# .. #.....O#
...# .. #........#
....... ...####.....
##..### .... ###....
..# P... #....# ..# ..
..#.> ..# ####.


You could see an ogre.

Vanquished Creatures
  Sigmund (D:3)
  An orc priest (D:3)
  3 gnolls
  2 adders
  2 oozes
  9 worms
  3 dart slugs (D:1)
  3 leopard geckos (D:1)
  3 orcs (D:3)
  4 bats
  5 giant cockroaches
  5 goblins
  8 hobgoblins
  16 jackals
  9 kobolds
  A quokka (D:2)
  A ball python (D:1)
  5 frilled lizards
  12 rats
93 creatures vanquished.

Notes
Turn   | Place    | Note
-------+----------+-------------------------------------------
     0 | D:1      | Leibowitz the Demigod Gladiator began the quest for the Orb.
     0 | D:1      | Reached XP level 1. HP: 17/17 MP: 3/3
     6 | D:1      | Noticed a swamp drake
     6 | D:1      | Noticed a lindwurm
     6 | D:1      | Noticed a worker ant
     7 | D:1      | Noticed a black mamba
     7 | D:1      | Noticed a polar bear
   126 | D:1      | Reached XP level 2. HP: 23/24 MP: 4/4
   130 | D:1      | Reached skill level 3 in Short Blades
   613 | D:1      | Reached XP level 3. HP: 16/29 MP: 5/5
  1214 | D:2      | Reached skill level 1 in Stealth
  1655 | D:2      | Reached skill level 1 in Armour
  1871 | D:2      | HP: 1/29 [worm (10)]
  2524 | D:2      | Reached XP level 4. HP: 32/36 MP: 6/6
  3006 | D:2      | Found a glowing golden altar of the Shining One.
  3006 | D:2      | Found an ancient bone altar of Kikubaaqudgha.
  3008 | D:2      | Found a snail-covered altar of Cheibriados.
  3102 | D:3      | Noticed Sigmund
  3104 | D:3      | Killed Sigmund
  3104 | D:3      | Reached XP level 5. HP: 42/42 MP: 7/7
  3312 | D:2      | Reached skill level 4 in Short Blades
  3609 | D:3      | Reached XP level 6. HP: 30/50 MP: 8/8
  3946 | D:3      | Noticed a dagger
  3946 | D:3      | Noticed a dagger
  3947 | D:3      | Found a hide-covered altar of Uskayaw.
  4352 | D:3      | Found a faded altar of an unknown god.
  4840 | D:4      | Slain by an ogre

Vault maps used:
D:1:      onia_arrival_zoo_common, kennysheep_another_room
D:2:      gammafunk_temple_overflow_claw, bh_chokoban
D:3:      dancing_weapons_uskayaw, chequers_ecumenical_altar_simple_redux,
          uniq_sigmund
D:4:      corexii_shack_village, first_bread

Skill      XL: |  1  2  3  4  5 |
---------------+----------------+-----
Short Blades   | 3 4 |  4.3
Dodging        | 3 |  3.4
Throwing       | 2 |  2.0
Fighting       | 2 |  2.5
Stealth        | 1 2 |  2.8
Armour         | 1 2 |  2.4

Action                   |  1- 3 |  4- 6 || total
-------------------------+-------+-------++-------
Melee: Rapier            |   104 |   111 ||   215
       Dagger            |   128 |    89 ||   217
  Use: Potion            |     2 |     1 ||     3
 Stab: Sleeping          |     3 |     6 ||     9
  Eat: Chunk             |     5 |     8 ||    13
Armor: Leather armour    |    48 |    13 ||    61
Dodge: Dodged            |   115 |    85 ||   200
